 Dungeon Crawl Stone Soup version 0.22-a0-775-ga7d80019b5 (webtiles) character file.

14212 Banto the Covert (level 12, 0/79 HPs)
             Began as an Octopode Earth Elementalist on July 18, 2018.
             Was a Priest of Sif Muna.
             Slain by a wraith (8 damage)
             ... led by Josephine
             ... on level 10 of the Dungeon.
             The game lasted 00:27:17 (12892 turns).

Banto the Covert (Octopode Earth Elementalist)     Turns: 12892, Time: 00:27:18

Health: 0/79       AC:  1    Str:  8    XL:     12   Next: 14%
Magic:  5/16       EV: 17    Int: 22    God:    Sif Muna [***...]
Gold:   719        SH:  4    Dex: 17    Spells: 2/17 levels left

rFire    + . .     SeeInvis .   b - staff of wizardry
rCold    . . .     Gourm    .   (no shield)
rNeg     . . .     Faith    .   (helmet restricted)
rPois    .         Spirit   .   t - +4 amulet of reflection
rElec    .         Reflect  +   l - ring of protection from fire
rCorr    .         Harm     .   q - +5 ring of dexterity
MR       +....                  m - ring of protection from magic
Stlth    +++++++...             f - ring of stealth
HPRegen  0.23/turn              (no ring)
MPRegen  0.15/turn              (no ring)
                                (no ring)
                                (no ring)

@: about to teleport, slowed, drained, divine energy, very slow
A: almost no armour, stealthy swim, amphibious, 8 rings, constrict 8, camouflage
1, gelatinous body 1
a: Stop Divine Energy, Channel Magic, Renounce Religion


You were on level 10 of the Dungeon.
You worshipped Sif Muna.
Sif Muna was most pleased with you.
You were not hungry.

You visited 2 branches of the dungeon, and saw 12 of its levels.
You also visited: Sewer.

You collected 953 gold pieces.
You spent 234 gold pieces at shops.

Inventory:

Hand Weapons
 a - a +2 dagger of venom
Missiles
 r - 109 stones (quivered)
 N - 3 throwing nets
Magical Staves
 b - an uncursed staff of wizardry (weapon)
Jewellery
 f - a ring of stealth (on tentacle)
 h - an uncursed amulet of rage
 l - a ring of protection from fire (left tentacle)
 m - a ring of protection from magic (on tentacle)
 q - a +5 ring of dexterity (right tentacle)
 t - a +4 amulet of reflection (around mantle)
 w - an uncursed amulet of harm {unknown}
 y - an uncursed amulet of the acrobat {unknown}
 z - an uncursed amulet of magic regeneration {unknown}
 O - an uncursed amulet of guardian spirit {unknown}
Wands
 d - a wand of flame (31)
 B - a wand of disintegration (23)
 D - a wand of random effects (42)
 G - a wand of digging (12)
Scrolls
 g - 2 scrolls of teleportation
 j - 3 scrolls of amnesia
 s - 2 scrolls of remove curse
 x - 2 scrolls of enchant weapon
 C - a scroll of vulnerability {unknown}
 F - a scroll of fear {unknown}
 I - a scroll of blinking {unknown}
 L - a scroll of magic mapping
 M - a scroll of identify
Potions
 i - 3 potions of curing {unknown}
 k - a potion of magic {unknown}
 n - a potion of lignification {unknown}
 o - 4 potions of brilliance
 p - 7 potions of flight
 u - 3 potions of ambrosia
 v - a potion of haste {unknown}
 A - a potion of berserk rage
 E - 3 potions of agility {unknown}
 H - a potion of cancellation {unknown}
 J - a potion of resistance {unknown}
Miscellaneous
 K - a lightning rod (4/4)
Comestibles
 c - 21 rations


   Skills:
 + Level 6.2(5.8) Fighting
 - Level 8.0(7.6) Short Blades
 + Level 6.7(6.3) Dodging
 - Level 12.1(11.7) Stealth
 - Level 0.4(0.0) Unarmed Combat
 - Level 3.0(2.6) Spellcasting
 - Level 9.0(8.6) Transmutations
 - Level 9.0(8.6) Earth Magic


You had 2 spell levels left.
You knew the following spells:

 Your Spells              Type           Power        Failure   Level  Hunger
a - Sandblast             Erth           #####.       1%          1    None
b - Passwall              Tmut/Erth      #####...     1%          2    ##.....
c - Stone Arrow           Conj/Erth      ###...       2%          3    ###....
d - Petrify               Tmut/Erth      #####...     1%          4    ####...
e - Lee's Rapid Deconstr  Erth           #####.....   4%          5    ######.

Your spell library contained the following spells:

 Spells                   Type           Power        Failure   Level  Hunger
 Summon Small Mammal      Summ           #...         5%          1    None
 Summon Ice Beast         Ice/Summ       #.......     43%         4    ####...
 Call Imp                 Summ           #.......     8%          2    ##.....
 Call Canine Familiar     Summ           #.......     16%         3    ###....
 Summon Lightning Spire   Summ/Air       #.......     43%         4    ####...
 Summon Guardian Golem    Hex/Summ       #.......     16%         3    ###....


Dungeon Overview and Level Annotations

Branches:
Dungeon (11/15)            Temple (1/1) D:6            Lair (0/6) D:8
    Orc: D:9-12

Altars:
Ashenzari
Cheibriados
Dithmenos
Elyvilon
Fedhas
Gozag
Hepliaklqana
Kikubaaqudgha
Makhleb
Nemelex Xobeh
Okawaru
Qazlal
Ru
Sif Muna
Trog
Uskayaw
Vehumet
Wu Jian
Xom
Yredelemnul
Zin
The Shining One

Shops:
D:4 (   D:6 =

Annotations:
D:10 Gastronok
D:11 Josephine


Innate Abilities, Weirdness & Mutations

You cannot wear most types of armour.
You are very stealthy in the water. (Stealth+)
You are amphibious.
You can wear up to eight rings at the same time.
You can use your tentacles to constrict eight enemies at once.
Your skin changes colour to match your surroundings (Stealth+).
Your rubbery body absorbs attacks. (AC +1, EV +1)


Message History

Confirm with . or Enter, or press ? or * to list all spells.
Aiming: Sandblast (safe; 1% risk of failure)
Press: ? - help, Shift-Dir - straight line, f/p - wraith
Aim: a wraith (almost destroyed)
The blast of sand hits the wraith.
You destroy the wraith!
Sif Muna accepts your kill.
r - 109 stones The wraith completely misses you.
You now have 4/16 mp.
Unknown command.
Unknown command.
Okay, then.
Okay, then.
Casting: Sandblast (safe; 1% risk of failure)
Confirm with . or Enter, or press ? or * to list all spells.
Okay, then.
As you read the scroll of teleportation, it crumbles to dust.
You feel strangely unstable. The wraith hits you!
You die...

#......)........
#.#######.##.... #.#
#)##.##. ##.##
#.##.##.
##...######.##.###
#...........##.#
#....#########.#
#<#.## #.# #@#.# #.#
#W#.##########.#
#..............###
###.........[###....
#.<...######.# #.##[
#.###.## #.# #.##)
#.##...#####.# #.##.
##.##<......#.#
#.##.
#..##...###.#.#
#.##[


You could see a wraith.

Vanquished Creatures
  Snorg (D:10)
  Harold (D:11)
  4 two-headed ogres
  Pikel (D:9)
  2 ugly things
  2 trolls
  A hornet (D:8)
  4 hippogriffs
  2 wraiths (D:10)
  12 yaks
  2 water moccasins
  3 black bears
  3 sky beasts (D:6)
  Duvessa (D:6)
  2 orc warriors
  3 slaves
  2 phantoms
  5 ice beasts
  5 ogres
  2 centaurs
  6 big kobolds
  An elf zombie (D:7)
  4 bullfrogs
  6 scorpions
  Dowan (D:7)
  6 killer bees
  A wight (D:7)
  3 howler monkeys (D:7)
  An electric eel (D:7)
  6 crimson imps
  A centaur zombie (D:11)
  6 human zombies (D:7)
  A quasit (D:9)
  3 hounds
  2 orc priests
  3 jellies
  Crazy Yiuf (D:4)
  2 bullfrog skeletons
  A centaur skeleton (D:10)
  12 orc wizards
  Natasha (D:4)
  2 iguanas
  7 worker ants
  2 human skeletons (D:7)
  A hound zombie (D:10)
  A hound skeleton (D:5)
  2 mummies (D:7)
  2 worker ant zombies
  12 adders
  3 gnolls (D:6)
  3 river rats
  2 shadow imps
  An ooze (Sewer)
  2 adder skeletons (D:7)
  8 worms
  3 dart slugs
  7 leopard geckos
  33 orcs
  2 ball pythons (Sewer)
  7 bats
  4 giant cockroaches
  7 goblins (D:1)
  9 hobgoblins
  12 jackals
  4 quokkas
  3 frilled lizards (D:1)
  A jackal skeleton (D:7)
  14 kobolds
  2 leopard gecko skeletons
  14 rats
296 creatures vanquished.

Notes
Turn   | Place    | Note
-------+----------+-------------------------------------------
     0 | D:1      | Banto the Octopode Earth Elementalist began the quest for the Orb.
     0 | D:1      | Reached XP level 1. HP: 11/11 MP: 3/3
   281 | D:1      | Reached XP level 2. HP: 14/17 MP: 5/5
   394 | D:1      | Reached skill level 3 in Stealth
   473 | D:1      | Reached XP level 3. HP: 13/21 MP: 6/6
   477 | D:1      | Learned a level 2 spell: Passwall
   481 | D:1      | Learned a level 3 spell: Stone Arrow
  1258 | D:2      | Reached XP level 4. HP: 25/27 MP: 0/7
  1407 | D:2      | Reached skill level 1 in Short Blades
  1450 | D:2      | Reached skill level 4 in Stealth
  1640 | D:3      | Reached XP level 5. HP: 26/31 MP: 1/8
  1740 | D:3      | Found a glowing drain.
  1860 | D:3      | Noticed a phantom
  1953 | Sewer    | Entered a sewer
  2212 | Sewer    | Noticed a big kobold
  2229 | Sewer    | Killed a big kobold
  2301 | Sewer    | Reached XP level 6. HP: 36/36 MP: 10/10
  2381 | Sewer    | Reached skill level 5 in Stealth
  2631 | Sewer    | Reached XP level 7. HP: 22/41 MP: 8/11
  2880 | D:3      | Found a shadowy altar of Dithmenos.
  3014 | D:3      | Found a hide-covered altar of Uskayaw.
  3130 | D:3      | Found a radiant altar of Vehumet.
  3130 | D:3      | Found a faded altar of an unknown god.
  3135 | D:3      | Found an opulent altar of Gozag.
  3137 | D:3      | Found a white marble altar of Elyvilon.
  3140 | D:3      | Found a faded altar of an unknown god.
  3378 | D:4      | Reached skill level 5 in Earth Magic
  3535 | D:4      | Learned a level 4 spell: Petrify
  3907 | D:4      | Found Efus's Weapon Boutique.
  3939 | D:4      | Noticed Natasha
  3955 | D:4      | Killed Natasha
  3955 | D:4      | Reached skill level 6 in Stealth
  4095 | D:4      | Found a runed door.
  4269 | D:4      | Noticed Crazy Yiuf
  4273 | D:4      | Killed Crazy Yiuf
  4273 | D:4      | Reached XP level 8. HP: 46/46 MP: 12/12
  4325 | D:5      | Entered Level 5 of the Dungeon
  5088 | D:5      | Reached skill level 7 in Stealth
  5502 | D:6      | Found a sacrificial altar of Ru.
  5629 | D:6      | Reached skill level 5 in Transmutations
  5675 | D:6      | Reached skill level 8 in Stealth
  5709 | D:6      | Reached XP level 9. HP: 41/51 MP: 1/13
  5976 | D:6      | Found a staircase to the Ecumenical Temple.
  6046 | Temple   | Entered the Ecumenical Temple
  6240 | Temple   | Became a worshipper of Sif Muna the Loreminder
  6328 | D:6      | Reached skill level 5 in Short Blades
  6592 | D:6      | Found Lifukh's Jewellery Shoppe.
  6596 | D:6      | Bought a cursed -4 ring of slaying for 24 gold pieces
  6597 | D:6      | Bought an uncursed ring of stealth for 210 gold pieces
  6651 | D:6      | Reached skill level 9 in Stealth
  6843 | D:7      | Noticed Duvessa
  6843 | D:7      | Noticed Dowan
  6986 | D:7      | Killed Dowan
  7169 | D:7      | Reached * piety under Sif Muna
  7272 | D:6      | Killed Duvessa
  7672 | D:7      | Reached XP level 10. HP: 34/56 MP: 1/14
  7680 | D:7      | Reached skill level 10 in Stealth
  7813 | D:7      | Found a shimmering altar of Xom.
  7951 | D:7      | Found a basalt altar of Yredelemnul.
  8009 | D:8      | Noticed a brown ugly thing
  8010 | D:8      | Killed a brown ugly thing
  8049 | D:8      | Noticed a two-headed ogre
  8052 | D:8      | Killed a two-headed ogre
  8066 | D:8      | Found a staircase to the Lair.
  8175 | D:8      | Reached ** piety under Sif Muna
  8411 | D:8      | Noticed a two-headed ogre
  8414 | D:8      | Killed a two-headed ogre
  8414 | D:8      | Reached skill level 11 in Stealth
  8704 | D:8      | Found a stormy altar of Qazlal.
  8728 | D:8      | Found a snail-covered altar of Cheibriados.
  9406 | D:9      | Noticed Pikel
  9460 | D:9      | Reached XP level 11. HP: 50/61 MP: 13/15
  9709 | D:9      | Noticed a green ugly thing
  9714 | D:9      | Killed a green ugly thing
 10014 | D:9      | Killed Pikel
 10014 | D:9      | Reached skill level 12 in Stealth
 10022 | D:9      | Learned a level 5 spell: Lee's Rapid Deconstruction
 10078 | D:9      | Noticed a two-headed ogre
 10086 | D:9      | Killed a two-headed ogre
 10086 | D:9      | Reached *** piety under Sif Muna
 10443 | D:9      | Reached skill level 1 in Fighting
 10582 | D:10     | Entered Level 10 of the Dungeon
 10766 | D:10     | Noticed Snorg
 10777 | D:10     | Killed Snorg
 11626 | D:10     | Reached skill level 5 in Dodging
 11975 | D:11     | Noticed Gastronok
 12048 | D:11     | Noticed a two-headed ogre
 12060 | D:11     | Killed a two-headed ogre
 12060 | D:11     | Reached skill level 5 in Fighting
 12067 | D:11     | Reached XP level 12. HP: 77/77 MP: 10/16
 12086 | D:11     | Noticed Harold
 12119 | D:11     | Killed Harold
 12146 | D:11     | Noticed Josephine
 12892 | D:10     | Slain by a wraith

Vault maps used:
D:1:      lightli_arrival_quake
D:3:      lemuel_crystal_altar, chequers_temple_overflow_minitemple,
          portal_sewer_entry_a, first_ration, grunt_dithmenos_smoke_and_mirrors
D:4:      serial_shops, nicolae_shop_waterfront, uniq_crazy_yiuf_cottage,
          uniq_natasha
D:5:      minivault_25
D:6:      minmay_temple_entry_statues_pillars, serial_shops, shop, basic_altar
D:7:      lemuel_mausoleum_altar_yredelemnul, xom_butterflies, minivault_4,
          uniq_duvessa
D:8:      nicolae_overflow_hidden_temple, dpeg_oklobed_lair,
          blue_anna_alchemist, lemuel_altar_in_water2
D:9:      minmay_goldmine, kennysheep_generic_room_11, uniq_pikel
D:10:     uniq_snorg
D:11:     lab_entry_generic, uniq_urug, uniq_josephine, uniq_harold,
          uniq_gastronok
Temple:   regret_index_temple_generic_petals
Sewer:    sewer_co_tree

Skill      XL: |  1  2  3  4  5  6  7  8  9 10 11 12 |
---------------+-------------------------------------+-----
Stealth        | 3 4 5 6 8 9 11 12 | 12.1
Short Blades   | 1 2 3 4 6 7 8 |  8.0
Earth Magic    | 4 5 6 7 8 9 |  9.0
Transmutations | 2 3 5 6 8 9 |  9.0
Spellcasting   | 3 |  3.0
Fighting       | 5 6 |  6.2
Dodging        | 6 |  6.7
Unarmed Combat | |  0.4

Action                   |  1- 3 |  4- 6 |  7- 9 | 10-12 || total
-------------------------+-------+-------+-------+-------++-------
Melee: Unarmed           |    33 |       |       |       ||    33
       Constrict         |    16 |    21 |    53 |    44 ||   134
       Tentacles         |    12 |    13 |    58 |    57 ||   140
       Dagger            |    36 |    77 |   242 |   263 ||   618
       Punch             |       |       |       |     1 ||     1
Throw: Stone             |       |       |     4 |     1 ||     5
 Cast: Sandblast         |    18 |    35 |    74 |    53 ||   180
       Passwall          |       |     1 |    15 |     5 ||    21
       Stone Arrow       |       |       |     3 |     4 ||     7
       Petrify           |       |       |    23 |    53 ||    76
Invok: Divine Energy     |       |       |     1 |       ||     1
  Use: Scroll            |       |     5 |     7 |     5 ||    17
       Potion            |       |       |       |     2 ||     2
 Stab: Sleeping          |    14 |    11 |    22 |    26 ||    73
       Petrified         |       |       |    21 |    36 ||    57
       Distracted        |       |       |     2 |     1 ||     3
       Petrifying        |       |       |     1 |     3 ||     4
  Eat: Chunk             |     1 |     5 |    17 |    19 ||    42
       Ration            |       |       |     1 |     3 ||     4
Armor: Skin              |     9 |     2 |     8 |     7 ||    26
Dodge: Dodged            |    62 |    52 |   125 |   126 ||   365
Block: Other             |       |       |    12 |    27 ||    39
       Reflection        |       |       |       |     3 ||     3

Table legend:
 A = Spawn XP
 B = Non-spawn XP
 C = Spawn XP percentage of total XP
 D = Spawn monster count
 E = Non-spawn monster count
 F = Spawn count percentage of total count
 G = Total turns spent on level
                    A         B        C        D         E        F      G
               +---------+---------+-------+---------+---------+-------+---------
         Total |       0 |   20304 |   0.0 |       0 |     293 |   0.0 | 12892
               +---------+---------+-------+---------+---------+-------+---------
           D:1 |       0 |      58 |   0.0 |       0 |      32 |   0.0 |  1028
           D:2 |       0 |      79 |   0.0 |       0 |      11 |   0.0 |   501
           D:3 |       0 |     219 |   0.0 |       0 |      24 |   0.0 |  1091
           D:4 |       0 |     380 |   0.0 |       0 |      17 |   0.0 |   882
           D:5 |       0 |     835 |   0.0 |       0 |      23 |   0.0 |  1303
           D:6 |       0 |    1852 |   0.0 |       0 |      25 |   0.0 |  1208
           D:7 |       0 |    1020 |   0.0 |       0 |      28 |   0.0 |   971
           D:8 |       0 |    4190 |   0.0 |       0 |      31 |   0.0 |  1434
           D:9 |       0 |    3480 |   0.0 |       0 |      31 |   0.0 |  1129
          D:10 |       0 |    4924 |   0.0 |       0 |      30 |   0.0 |  2117
          D:11 |       0 |    2780 |   0.0 |       0 |      13 |   0.0 |   193
         Sewer |       0 |     487 |   0.0 |       0 |      28 |   0.0 |   823
               +---------+---------+-------+---------+---------+-------+---------

Table legend:
 A = Turns spent in this place as a percentage of turns spent in the entire game.
 B = Non-inter-level travel turns spent in this place as a percentage of non-inter-level travel turns spent in the entire game.
 C = Inter-level travel turns spent in this place as a percentage of turns spent in this place.
 D = Turns resting spent in this place as a percentage of non-inter-level travel turns spent in this place.
 E = Turns spent auto-exploring this place as a percentage of non-inter-level travel turns spent in this place.
 F = Non-inter-level travel turns spent in this place divided by the number of levels of this place that you've seen.
                   A       B       C       D       E      F
               +-------+-------+-------+-------+-------+----------------------
         Total | 100.0 | 100.0 |   6.5 |  30.3 |  40.6 | 927.2
       Dungeon |  92.0 |  91.8 |   6.7 |  31.1 |  39.7 | 1005.8
        Temple |   1.6 |   1.4 |  21.2 |   0.0 |  97.6 | 167.0
         Sewer |   6.4 |   6.8 |   0.0 |  26.0 |  41.1 | 823.0
               +-------+-------+-------+-------+-------+----------------------

Table legend:
 A = Kills in this place as a percentage of kills in entire the game.
 B = Kills by you in this place as a percentage of kills by you in the entire game.
 C = Kills by friends in this place as a percentage of kills by friends in the entire game.
 D = Other kills in this place as a percentage of other kills in the entire game.
 E = Experience gained in this place as a percentage of experience gained in the entire game.
 F = Experience gained in this place divided by the number of levels of this place that you have seen.
                   A       B       C       D       E      F
               +-------+-------+-------+-------+-------+----------------------
         Total | 100.0 | 100.0 |   N/A |   N/A | 100.0 | 1561.8
       Dungeon |  90.4 |  90.4 |   N/A |   N/A |  97.6 | 1801.5
         Sewer |   9.6 |   9.6 |   N/A |   N/A |   2.4 | 487.0
               +-------+-------+-------+-------+-------+----------------------
